 Dungeon Crawl Stone Soup version 0.25.0-11-g1f837a7 (webtiles) character file.

Game seed: 13746134507087281146

762 HilariousDeathArtist the Conjurer (level 8, 0/52 HPs)
             Began as a Halfling Wizard on June 22, 2020.
             Was a Believer of Okawaru.
             Slain by an orc warrior
             ... wielding a +0 mace
              (19 damage)
             ... on level 4 of the Dungeon on June 24, 2020.
             The game lasted 00:17:53 (8168 turns).

HilariousDeathArtist the Conjurer (Halfling Wizard) Turns: 8168, Time: 00:17:53

Health: 0/52       AC: 14    Str:  8    XL:     8   Next: 8%
Magic:  11/11      EV: 10    Int: 18    God:    Okawaru [**....]
Gold:   21         SH:  0    Dex: 13    Spells: 3/11 levels left

rFire    + . .     SeeInvis .   a - +1 dagger
rCold    + . .     Gourm    .   (shield restricted)
rNeg     . . .     Faith    .   A - +3 scale mail {rC+}
rPois    .         Spirit   .   d - +2 helmet
rElec    .         Reflect  .   (no cloak)
rCorr    +         Harm     .   (no gloves)
MR       .....                  o - +1 pair of boots
Stlth    +.........             (no amulet)
HPRegen  0.17/turn              g - ring of protection from fire {rF+, !d}
MPRegen  0.12/turn              B - ring of resist corrosion (curse)

@: no status effects
A: small, mutation resistance 1
a: Heroism, Renounce Religion


You were on level 4 of the Dungeon.
You worshipped Okawaru.
Okawaru was pleased with you.
You were hungry.

You visited 1 branch of the dungeon, and saw 5 of its levels.

You collected 217 gold pieces.
You spent 196 gold pieces at shops.

Inventory:

Hand Weapons
 a - a +1 dagger (weapon)
   (You took it off a goblin on level 1 of the Dungeon)
 j - a +0 hand axe
   (You found it on level 1 of the Dungeon)
Missiles
 c - 7 sling bullets
 k - 190 stones (quivered)
 m - 5 datura-tipped darts
 u - a throwing net {=f, !d}
Armour
 d - a +2 helmet (worn)
   (You found it on level 2 of the Dungeon)
 h - a +0 robe
 o - a +1 pair of boots (worn)
   (You found it on level 1 of the Dungeon)
 q - a +0 kite shield
   (You found it on level 2 of the Dungeon)
 A - a +3 scale mail of cold resistance (worn)
   (You took it off Ijyb on level 4 of the Dungeon)
Jewellery
 g - a ring of protection from fire (left hand) {rF+, !d}
   (You found it on level 1 of the Dungeon)
 B - a cursed ring of resist corrosion (right hand)
   (You found it on level 5 of the Dungeon)
Wands
 y - a wand of random effects (6)
   (You took it off Ijyb on level 4 of the Dungeon)
Scrolls
 f - 3 scrolls of identify
 i - a scroll of immolation {!r}
 p - a scroll of enchant armour
 r - 2 scrolls of fear
 t - a scroll of remove curse
 v - a scroll of blinking {!r}
Potions
 b - a potion of brilliance
 s - a potion of flight
 w - a potion of cancellation
 x - a potion of magic
 z - a potion of might
Comestibles
 e - 8 rations


   Skills:
 + Level 3.3 Fighting
 - Level 2.1 Dodging
 - Level 2.1 Stealth
 - Level 2.4 Spellcasting
 - Level 4.8 Conjurations
 - Level 0.7 Summonings
 - Level 1.1 Translocations
 - Level 2.9 Air Magic
 - Level 2.9 Poison Magic


You had 3 spell levels left.
You knew the following spells:

 Your Spells              Type           Power        Failure   Level  Hunger
a - Magic Dart            Conj           ###.         24%         1    #......
b - Blink                 Tloc           N/A          86%         2    ##.....
c - Call Imp              Summ           #.......     90%         2    ##.....
x - Mephitic Cloud        Conj/Pois/Air  ###.....     77%         3    ###....

Your spell library contained the following spells:

 Spells                   Type           Power        Failure   Level  Hunger
 Conjure Flame            Conj/Fire      ##......     89%         3    ###....
 Slow                     Hex            #.......     95%         2    ##.....


Dungeon Overview and Level Annotations

Branches:
Dungeon (5/15)
 Temple: D:4-7

Altars:
Ashenzari
Elyvilon
Okawaru
Yredelemnul

Shops:
D:4 ?


Innate Abilities, Weirdness & Mutations

You are small and have problems with some larger weapons.
You are somewhat resistant to further mutation.


Message History

All of the chunks of flesh in your inventory have rotted away.
You hit the iguana.
The iguana bites you but does no damage.
You hit the iguana. The iguana bites you!
You take 8 damage, and have 35/52 hp.
You hit the iguana but do no damage. The iguana bites you.
You take 5 damage, and have 30/52 hp.
You are too injured to fight recklessly!
You are too injured to fight recklessly!
You are too injured to fight recklessly!
You are too injured to fight recklessly!
You are too injured to fight recklessly!
You are too injured to fight recklessly!
You are too injured to fight recklessly!
You are too injured to fight recklessly!
You are too injured to fight recklessly!
You are too injured to fight recklessly!
You are too injured to fight recklessly!
You are too injured to fight recklessly!
You are too injured to fight recklessly!
You are too injured to fight recklessly!
You hit the iguana but do no damage. The iguana barely misses you.
You closely miss the iguana. The iguana barely misses you.
You closely miss the iguana. The iguana barely misses you.
You hit the iguana. The iguana bites you!
You take 11 damage, and have 20/52 hp.
MASSIVE DAMAGE!!
Throwing (i - inventory)
k - 190 stones (quivered)
Aim: an iguana (heavily wounded)
You throw a curare-tipped dart. The curare-tipped dart hits the iguana.
The iguana is poisoned.
The iguana convulses.
The iguana seems to slow down.
You kill the iguana!
Okawaru accepts your kill.
n - 2 curare-tipped darts (gained 1)
You start resting.
You are feeling hungry.
You regained 18 hp, and now have 39/52 hp.
You start resting.
Health restored: 52 You may need something to eat soon, looking for food.
Can't find anything matching that.
Okay, then.
There is a stone staircase leading up, spattered with blood here.
There is a stone staircase leading up, spattered with blood here.
The orc warrior is too close now for your liking.
An orc warrior is nearby!
An orc warrior is nearby!
Throwing (i - inventory)
k - 190 stones (quivered)
Aim: an orc warrior, wielding a +0 mace and wearing a +0 plate armour You throw a curare-tipped dart.
The curare-tipped dart hits the orc warrior.
The orc warrior is poisoned.
The orc warrior convulses.
The orc warrior seems to slow down.
You hit the orc warrior. You closely miss the orc warrior.
The orc warrior hits you but does no damage.
You hit the orc warrior but do no damage.
The orc warrior barely misses you.
The orc priest shouts!
You hit the orc warrior but do no damage.
You hit the orc warrior but do no damage.
The orc warrior hits you with a +0 mace.
You take 4 damage, and have 48/52 hp.
You hit the orc warrior but do no damage.
The orc priest invokes the aid of Beogh against you.
Beogh smites you!
You hear a shout!
You take 17 damage, and have 31/52 hp.
MASSIVE DAMAGE!!
The orc warrior is no longer moving slowly.
The orc warrior looks more healthy.
Throwing (i - inventory)
k - 190 stones (quivered)
Aim: an orc warrior, wielding a +0 mace and wearing a +0 plate armour (severely wounded)
You throw a curare-tipped dart.
The curare-tipped dart closely misses the orc warrior.
You don't have any such object.
Huh? (Key replay ran out of keys)
You don't have any such object.
Okay, then.
Throwing (i - inventory)
k - 190 stones (quivered)
Aim: an orc warrior, wielding a +0 mace and wearing a +0 plate armour (severely wounded, chance to frenzy on hit: 61%)
You throw a datura-tipped dart.
The datura-tipped dart hits the orc warrior.
The orc warrior flies into a frenzy!
The orc warrior closely misses you.
The orc warrior hits you with a +0 mace!
You take 14 damage, and have 19/52 hp.
MASSIVE DAMAGE!!
The orc hits you.
You take 2 damage, and have 17/52 hp.
The orc priest closely misses you.
The orc warrior hits the orc with a +0 mace!
The orc dies!
Okawaru accepts your kill.
The orc priest miscasts a cantrip.
The orc warrior hits the orc priest with a +0 mace!!
The orc priest dies!
Okawaru accepts your kill.
The orc warrior hits you with a +0 mace!!
You die...

.[#.#♣♣.........♣♣#..# #.........
..#.###♣♣♣....♣♣###..# #.........
..#...###♣♣♣♣♣###....# #.###.####
........#######...(..# #.# #.# #
..#####.........##.o.# #.###.####
........######.#####.# #.#.......
..#####...(....# ##.###.#.#.####
..# #.###########..........# #
#.#####....)...o@..(.....#.### #
#.........[..######..###.#.# #
##......####.######..###<#.######
#.####.# #.....................
#># #.# ########........######
#.# #.# #.######.###### #.# #.#
#.# #....... #.# #.###########.#
######## #.# #.##..........#


You could see a neutral orc warrior (fast, strong, insane).

Vanquished Creatures
  An ogre (D:4)
  A centaur (D:5)
  A jelly (D:5)
  A hound (D:3)
  An orc priest (D:4)
  2 orc wizards (D:4)
  Ijyb (D:4)
  An iguana (D:4)
  3 worker ants
  A hound skeleton (D:4)
  Robin (D:4)
  A gnoll (D:4)
  9 adders
  4 oozes
  5 worms
  3 dart slugs
  3 leopard geckos
  6 orcs
  2 giant cockroaches
  10 goblins
  11 hobgoblins
  6 jackals
  8 kobolds
  A quokka (D:3)
  6 bats
  6 frilled lizards
  A jackal skeleton (D:3)
  9 rats
105 creatures vanquished.

Vanquished Creatures (collateral kills)
  An ogre (D:4)
  A howler monkey (D:2)
  An orc priest (D:4)
  An orc wizard (D:3)
  A worker ant (D:4)
  2 gnolls (D:4)
  An adder (D:1)
  A worm (D:2)
  3 orcs
  A hobgoblin (D:2)
  A jackal (D:2)
14 creatures vanquished.

Grand Total: 119 creatures vanquished

Notes
Turn   | Place    | Note
-------+----------+-------------------------------------------
     0 | D:1      | HilariousDeathArtist the Halfling Wizard began the quest
                  | for the Orb.
     0 | D:1      | Reached XP level 1. HP: 11/11 MP: 3/3
   135 | D:1      | Reached skill level 1 in Conjurations
   728 | D:1      | Reached XP level 2. HP: 17/17 MP: 3/5
  1150 | D:1      | Reached skill level 2 in Conjurations
  1362 | D:1      | Reached XP level 3. HP: 21/21 MP: 2/6
  1691 | D:2      | Found an iron altar of Okawaru.
  1701 | D:2      | Became a worshipper of Warmaster Okawaru
  1780 | D:1      | Learned a level 2 spell: Blink
  1783 | D:1      | Learned a level 2 spell: Call Imp
  2086 | D:2      | Reached skill level 3 in Conjurations
  2086 | D:2      | Reached XP level 4. HP: 18/27 MP: 2/7
  2298 | D:2      | Found a shattered altar of Ashenzari.
  2637 | D:2      | HP: 5/27 [jackal (2)]
  3037 | D:2      | Reached XP level 5. HP: 31/31 MP: 1/8
  3958 | D:3      | Reached skill level 4 in Conjurations
  4609 | D:3      | Reached XP level 6. HP: 36/36 MP: 4/9
  5008 | D:3      | Upgraded the game from 0.25.0-10-g039870e to
                  | 0.25.0-11-g1f837a7
  5040 | D:3      | Learned a level 3 spell: Mephitic Cloud
  5473 | D:4      | Found a white marble altar of Elyvilon.
  5507 | D:4      | Noticed an ogre
  5525 | D:4      | Killed an ogre
  5525 | D:4      | Reached skill level 1 in Air Magic
  5525 | D:4      | Reached skill level 1 in Poison Magic
  5568 | D:4      | Reached * piety under Okawaru
  5592 | D:4      | Reached skill level 2 in Air Magic
  5592 | D:4      | Reached skill level 2 in Poison Magic
  5592 | D:4      | Reached XP level 7. HP: 24/41 MP: 1/10
  5746 | D:4      | Noticed Ijyb
  5985 | D:4      | Found Onyub's Magic Scroll Emporium.
  5994 | D:4      | Bought a scroll of teleportation for 42 gold pieces
  5994 | D:4      | Bought a scroll of blinking for 105 gold pieces
  5994 | D:4      | Bought a scroll of fear for 49 gold pieces
  6015 | D:4      | Noticed Robin
  6043 | D:4      | Killed Robin
  6526 | D:4      | Killed Ijyb
  6739 | D:5      | Entered Level 5 of the Dungeon
  6826 | D:5      | Reached skill level 1 in Fighting
  7115 | D:5      | HP: 10/43 [centaur (5)]
  7118 | D:5      | Reached skill level 2 in Fighting
  7299 | D:5      | Reached ** piety under Okawaru
  7565 | D:4      | Found a basalt altar of Yredelemnul.
  7644 | D:4      | Reached skill level 3 in Fighting
  7644 | D:4      | Reached XP level 8. HP: 22/52 MP: 11/11
  8168 | D:4      | Slain by an orc warrior

Illustrated notes

Levels and vault maps discovered:
D:1:      ebering_trefoil_3fold, layout_loops_corners, st_stairs_3
D:2:      layout_basic, evilmike_ruin_ashenzari, lemuel_round_altar
D:3:      layout_rooms, first_ration, minmay_starry_boxes
D:4:      layout_loops_ring, kennysheep_ying_yang, serial_shops, shop,
          uniq_robin, uniq_ijyb
D:5:      minmay_octagon_keep, layout_loops_ring, kiku_gazebo_garden_becter,
          kennysheep_cross_room

Skill      XL: |  1  2  3  4  5  6  7 |
---------------+----------------------+-----
Conjurations   | 1 2 3 4 |  4.8
Air Magic      | 2 |  2.9
Poison Magic   | 2 |  2.9
Fighting       | 3 |  3.3
Dodging        | |  2.1
Stealth        | |  2.1
Spellcasting   | |  2.4
Summonings     | |  0.7
Translocations | |  1.1

Action                   |  1- 3 |  4- 6 |  7- 9 || total
-------------------------+-------+-------+-------++-------
Melee: Mace              |     8 |    23 |       ||    31
       Dagger            |       |    81 |   176 ||   257
Throw: Stone             |       |     4 |    11 ||    15
       Dart              |       |       |    16 ||    16
 Cast: Magic Dart        |    76 |   145 |    37 ||   258
       Call Imp          |     1 |    12 |     8 ||    21
       Mephitic Cloud    |       |       |     3 ||     3
Evoke: Wand              |       |       |     6 ||     6
  Use: Scroll            |     6 |     7 |     1 ||    14
       Potion            |     1 |     1 |     1 ||     3
 Stab: Distracted        |       |     2 |       ||     2
       Confused          |       |       |     5 ||     5
       Sleeping          |       |       |     1 ||     1
  Eat: Chunk             |     4 |    10 |     5 ||    19
       Ration            |       |     1 |     1 ||     2
Armor: Robe              |     4 |    42 |    21 ||    67
       Scale mail        |       |       |    57 ||    57
Dodge: Dodged            |    30 |   123 |    99 ||   252

Levels and vault maps discovered:
D:1:      ebering_trefoil_3fold, layout_loops_corners, st_stairs_3
D:2:      layout_basic, evilmike_ruin_ashenzari, lemuel_round_altar
D:3:      layout_rooms, first_ration, minmay_starry_boxes
D:4:      layout_loops_ring, kennysheep_ying_yang, serial_shops, shop,
          uniq_robin, uniq_ijyb
D:5:      minmay_octagon_keep, layout_loops_ring, kiku_gazebo_garden_becter,
          kennysheep_cross_room

Table legend:
 A = Turns spent in this place as a percentage of turns spent in the entire game.
 B = Non-inter-level travel turns spent in this place as a percentage of non-inter-level travel turns spent in the entire game.
 C = Inter-level travel turns spent in this place as a percentage of turns spent in this place.
 D = Turns resting spent in this place as a percentage of non-inter-level travel turns spent in this place.
 E = Turns spent auto-exploring this place as a percentage of non-inter-level travel turns spent in this place.
 F = Non-inter-level travel turns spent in this place divided by the number of levels of this place that you've seen.
                   A       B       C       D       E      F
               +-------+-------+-------+-------+-------+----------------------
         Total | 100.0 | 100.0 |   2.7 |  46.5 |  32.5 | 1589.8
       Dungeon | 100.0 | 100.0 |   2.7 |  46.5 |  32.5 | 1589.8
               +-------+-------+-------+-------+-------+----------------------

Table legend:
 A = Kills in this place as a percentage of kills in entire the game.
 B = Kills by you in this place as a percentage of kills by you in the entire game.
 C = Kills by friends in this place as a percentage of kills by friends in the entire game.
 D = Other kills in this place as a percentage of other kills in the entire game.
 E = Experience gained in this place as a percentage of experience gained in the entire game.
 F = Experience gained in this place divided by the number of levels of this place that you have seen.
                   A       B       C       D       E      F
               +-------+-------+-------+-------+-------+----------------------
         Total | 100.0 | 100.0 | 100.0 |   N/A | 100.0 | 217.8
       Dungeon | 100.0 | 100.0 | 100.0 |   N/A | 100.0 | 217.8
               +-------+-------+-------+-------+-------+----------------------
